 Dungeon Crawl Stone Soup version 0.30.0-29-ga12c61a403 (webtiles) character file.

Game seed: 2360789903861890341

224963 Nicoed the Executioner (level 18, -7/178 HPs)
             Began as a Minotaur Fighter on June 12, 2023.
             Was the Champion of Okawaru.
             Mangled by a culicivora (19 damage)
             ... on level 2 of the Spider Nest.
             The game lasted 01:20:23 (26779 turns).

Nicoed the Executioner (Minotaur Fighter)          Turns: 26779, Time: 01:20:25

Health: -7/178     AC: 42    Str: 20    XL:     18   Next: 60%
Magic:  23/23      EV:  9    Int:  7    God:    Okawaru [******]
Gold:   2261       SH:  8    Dex:  9    Spells: 17/17 levels left

rFire   + + +        h - +10 hand axe of Deecimej {flame, Stlth+}
rCold   + . .        O - +1 buckler "Valirun" {Harm rF+++ Regen+ Dex-3}
rNeg    + . .        n - +9 plate armour "Picoov" {Rampage}
rPois   +            I - +2 hat
rElec   .            F - +2 cloak
rCorr   +            W - +0 pair of gloves of the Piercing Gods {rPois Will++ rCorr Str-5}
SInv    +            z - +2 pair of boots
Will    ++++.        Q - amulet "Keurat" {Faith rF- Regen+ rCorr}
Stlth   +            Y - ring "Baipyuci" {rN+ Will+ Int+3 Stlth+}
HPRegen 2.09/turn    D - ring of Moodiness {rF+ Str-5 Slay+5 SInv Stlth+}
MPRegen 0.18/turn

%: harm (+30% outgoing, +20% incoming), rampage, faith
@: heroic, slowed, very slow
A: horns 2, retaliatory headbutt, talons 1, cold resistance 1, strong 1
}: 1/15 runes: decaying
a: Renounce Religion, Heroism, Finesse, Duel


You were on level 2 of the Spider Nest.
You worshipped Okawaru.
Okawaru was exalted by your worship.
You visited 6 branches of the dungeon, and saw 29 of its levels.
You visited the Abyss 1 time.
You also visited: Bailey, Gauntlet and Ice Cave.

You collected 3172 gold pieces.
You spent 911 gold pieces at shops.

Inventory:

Hand Weapons
 h - the +10 hand axe of Deecimej (weapon) {flame, Stlth+}
   (You found it on level 8 of the Dungeon)

   Stlth:     It makes you more stealthy.
 l - the +10 dark maul {heavy}
   (You found it in a Gauntlet)
Missiles
 N - 8 curare-tipped darts (quivered)
Armour
 i - the +0 pair of gloves of Okawaru's Reproof {rF+ Regen+}
   (Okawaru gifted it to you on level 5 of the Lair of Beasts)

   rF:        It protects you from fire.
   Regen:     It increases your rate of health regeneration.
 n - the +9 plate armour "Picoov" (worn) {Rampage}
   (You acquired it on level 5 of the Lair of Beasts)

   Rampage:   It bestows one free step when moving towards enemies.
 z - a +2 pair of boots (worn)
 F - a +2 cloak (worn)
 I - a +2 hat (worn)
 O - the +1 buckler "Valirun" (worn) {Harm rF+++ Regen+ Dex-3}
   (You bought it in a shop on level 2 of the Orcish Mines)

   Dex:       It affects your dexterity (-3).
   rF:        It renders you almost immune to fire.
   Regen:     It increases your rate of health regeneration.
   Harm:      It increases damage dealt and taken.
 W - the +0 pair of gloves of the Piercing Gods (worn) {rPois Will++ rCorr Str-5}
   (You found it on level 5 of the Lair of Beasts)

   Str:       It affects your strength (-5).
   rPois:     It protects you from poison.
   rCorr:     It protects you from acid and corrosion.
   Will:      It greatly increases your willpower.
Jewellery
 D - the ring of Moodiness (right hand) {rF+ Str-5 Slay+5 SInv Stlth+}
   (You found it in a bailey)

   [ring of see invisible]

   Str:       It affects your strength (-5).
   Slay:      It affects your accuracy & damage with ranged weapons and melee
   (+5).
   rF:        It protects you from fire.
   SInv:      It lets you see invisible.
   Stlth:     It makes you more stealthy.
 M - the ring "Yxie" {rElec rF- MP+9 SInv Stlth+}
   (You found it in a Gauntlet)

   [ring of see invisible]

   rF:        It makes you vulnerable to fire.
   rElec:     It insulates you from electricity.
   MP:        It affects your magic capacity (+9).
   SInv:      It lets you see invisible.
   Stlth:     It makes you more stealthy.
 Q - the amulet "Keurat" (around neck) {Faith rF- Regen+ rCorr}
   (You took it off a centaur on level 8 of the Dungeon)

   [amulet of faith]

   It allows you to gain divine favour quickly.
   rF:        It makes you vulnerable to fire.
   Regen:     It increases your rate of health regeneration.
   rCorr:     It protects you from acid and corrosion.
 Y - the ring "Baipyuci" (left hand) {rN+ Will+ Int+3 Stlth+}
   (You found it in a Gauntlet)

   [ring of positive energy]

   Int:       It affects your intelligence (+3).
   rN:        It protects you from negative energy.
   Will:      It increases your willpower.
   Stlth:     It makes you more stealthy.
Wands
 o - a wand of digging (15)
 A - a wand of paralysis (36)
 B - a wand of light (6)
 R - a wand of iceblast (9)
Scrolls
 c - a scroll of acquirement
 f - 3 scrolls of magic mapping
 j - 4 scrolls of amnesia
 k - 13 scrolls of teleportation
 q - 3 scrolls of fog
 s - a scroll of torment
 t - 8 scrolls of identify
 C - 2 scrolls of brand weapon
 H - 5 scrolls of fear
 L - 4 scrolls of poison
 P - 3 scrolls of summoning
 S - 4 scrolls of enchant weapon
 T - 6 scrolls of enchant armour
 U - 3 scrolls of blinking
 V - 4 scrolls of immolation
 X - 2 scrolls of noise
 Z - 6 scrolls of vulnerability
Potions
 a - 4 potions of berserk rage
 d - 12 potions of curing
 e - 4 potions of ambrosia
 g - 4 potions of degeneration
 m - 3 potions of flight
 p - 3 potions of magic
 r - 4 potions of resistance
 u - 3 potions of lignification
 v - 5 potions of haste
 w - 2 potions of invisibility
 x - 3 potions of attraction
 y - 2 potions of mutation
 E - 2 potions of might
 G - a potion of heal wounds
 J - 6 potions of brilliance
 K - 3 potions of cancellation
Miscellaneous
 b - a phantom mirror


   Skills:
 + Level 19.8(24.8) Fighting
 + Level 25.0(27) Axes
 + Level 19.8(24.8) Armour
 - Level 10.0(15.0) Shields
 - Level 8.0 Invocations


You had 17 spell levels left.
You didn't know any spells.
Your spell library contained the following spells:

 Spells                   Type           Power      Damage    Failure   Level
 Apportation              Tloc           0%         N/A       95%         1
 Beastly Appendage        Tmut           0%         N/A       95%         1
 Kiss of Death            Conj/Necr      0%         2d5       95%         1
 Magic Dart               Conj           0%         1d3       95%         1
 Necrotise                Necr           0%         1d4       95%         1
 Blink                    Tloc           0%         N/A       99%         2
 Sublimation of Blood     Necr           0%         N/A       99%         2
 Wereblood                Tmut           0%         N/A       99%         2
 Confusing Touch          Hex            0%         N/A       100%        3
 Hailstorm                Conj/Ice       0%         3d3       100%        3
 Mephitic Cloud           Conj/Pois/Air  0%         N/A       100%        3
 Ozocubu's Armour         Ice            0%         N/A       100%        3
 Spider Form              Tmut/Pois      0%         N/A       100%        3
 Volatile Blastmotes      Fire/Tloc      0%         2d10      100%        3
 Dispel Undead            Necr           0%         3d6       100%        4
 Fulminant Prism          Conj/Hex       0%         3d5       100%        4
 Ice Form                 Ice/Tmut       0%         N/A       100%        4
 Iskenderun's Mystic Bla  Conj/Tloc      0%         2d3       100%        4
 Manifold Assault         Tloc           0%         N/A       100%        4
 Alistair's Intoxication  Tmut/Pois      0%         N/A       100%        5
 Borgnjor's Vile Clutch   Necr/Erth      0%         N/A       100%        5
 Fireball                 Conj/Fire      0%         3d3       100%        5
 Freezing Cloud           Conj/Ice/Air   0%         6-21      100%        5
 Iskenderun's Battlesphe  Conj           0%         2d6       100%        5
 Lee's Rapid Deconstruct  Erth           0%         3d4*      100%        5
 Metabolic Englaciation   Hex/Ice        0%         N/A       100%        5
 Conjure Ball Lightning   Conj/Air       0%         3x3d6     100%        6
 Eringya's Noxious Bog    Tmut/Pois      0%         N/A       100%        6
 Orb of Destruction       Conj           0%         9d5       100%        7
 Storm Form               Tmut/Air       0%         N/A       100%        7
 Summon Small Mammal      Summ           Unusable   N/A       N/A         1
 Call Imp                 Summ           Unusable   N/A       N/A         2
 Summon Ice Beast         Ice/Summ       Unusable   N/A       N/A         4
 Simulacrum               Ice/Necr       Unusable   N/A       N/A         6
 Summon Hydra             Summ           Unusable   N/A       N/A         7

Dungeon Overview and Level Annotations

Branches:
Dungeon (15/15)            Temple (1/1) D:6            Lair (5/5) D:8
  Swamp (4/4) Lair:3       Spider (1/4) Lair:2        Slime (0/5) Lair:4
    Orc (2/2) D:10            Elf (0/3) Orc:2        Vaults (0/5) D:14
 Depths (0/4) D:15         Bailey (visited)           IceCv (visited)
Gauntlet (visited)

Altars:
Ashenzari
Cheibriados
Dithmenos
Elyvilon
Fedhas
Gozag
Hepliaklqana
Kikubaaqudgha
Makhleb
Nemelex Xobeh
Okawaru
Qazlal
Ru
Sif Muna
Trog
Uskayaw
Vehumet
Wu Jian
Xom
Yredelemnul
Zin
The Shining One
Jiyva

Shops:
D:2 :   D:10 !   Orc:2 ![??[

Annotations:
D:9 3 transporters
Temple 2 transporters


Innate Abilities, Weirdness & Mutations

You have a pair of horns on your head.
You reflexively headbutt those who attack you in melee.
You have sharp toenails.
Your flesh is cold resistant. (rC+)
Your muscles are strong. (Str +4, Int/Dex -1)


Message History

The demonic crawler hits you but does no damage. x2
The culicivora bites you but does no damage.
The culicivora bites you!
The culicivora draws strength from your injuries!
You slash the demonic crawler! You burn the demonic crawler!
The demonic crawler is severely wounded.
You hit the culicivora. You burn the culicivora. You slash the culicivora!
You burn the culicivora.
The demonic crawler hits you but does no damage. x2
The demonic crawler hits you!
The culicivora bites you but does no damage.
The culicivora closely misses you. The demonic crawler hits you! x2
* * * LOW HITPOINT WARNING * * *
The demonic crawler hits you!!
* * * LOW HITPOINT WARNING * * *
The culicivora closely misses you.
The moth of wrath goads the culicivora on!
The culicivora goes berserk!
The culicivora barely misses you.
Unknown command.
Unknown command.
Okay, then.
You feel much better.
The culicivora bites you but does no damage.
The demonic crawler hits you but does no damage.
The demonic crawler hits you.
* * * LOW HITPOINT WARNING * * *
The demonic crawler hits you but does no damage.
The culicivora bites you but does no damage.
The culicivora closely misses you.
The demonic crawler hits you but does no damage.
The demonic crawler hits you!
* * * LOW HITPOINT WARNING * * *
The demonic crawler hits you but does no damage.
The culicivora closely misses you.
The culicivora bites you but does no damage.
You block the demonic crawler's attack. The demonic crawler hits you.
* * * LOW HITPOINT WARNING * * *
The demonic crawler hits you but does no damage.
The culicivora bites you!
You die...

...... ###.......
####^........
##..#...#..... .
##...........#
...##.^.........#
......sy....#..^#
.....ws@†.......#
......#s†...#..##
...........#..##.##
.........s##.†# ..#
..........#...# ..#
..........##..##..#
.....#............##
..................#
....#(.....†..##


You could see a torpor snail (berserk), a demonic crawler (berserk), a moth of
wrath, an orb spider (charged) and 2 culicivoras.

Vanquished Creatures
  Bai Suzhen (Swamp:3)
  Saint Roka (Arena)
  2 tentacled monstrosities
  Rupert (Orc:2)
  5 thorn hunters
  Kirke (D:12)
  A balrug (Gauntlet)
  2 fenstrider witches (Swamp:3)
  An emperor scorpion (Spider:2)
  A cacodemon (Abyss:2)
  A very ugly thing (Abyss:2)
  2 orc warlords
  A stone giant (D:15)
  Nessos (D:13)
  4 eleionomae
  A minotaur (Gauntlet)
  Azrael (D:12)
  6 bunyips
  The ghost of klichko the Marksspriggan, a journeyman SpHu of Okawaru (Lair:5)
  A spark wasp (Spider:2)
  Snorg (Orc:1)
  A white draconian (IceCv)
  The ghost of TrilBe the Grappler, a journeyman TrBe of Trog (Lair:1)
  An ettin (Orc:2)
  The ghost of Tinylith the Severer, a journeyman MiFi of Trog (Lair:1)
  The ghost of klichko the Basher, a journeyman TeGl of Ashenzari (Lair:2)
  Fannar (Lair:3)
  20 hydras
  Erolcha (Orc:1)
  9 centaur warriors
  The ghost of fedoskokos the Fighter, a novice DgHu (Orc:2)
  7 ogre magi
  Erica (Lair:1)
  32 two-headed ogres
  2 dancing weapons (D:14)
  2 tengu warriors (D:15)
  10 alligators
  5 catoblepae
  4 boulder beetles
  A vampire mage (Abyss:2)
  An orc high priest (Arena)
  12 death yaks (Lair:5)
  Urug (Lair:3)
  Nergalle (Lair:1)
  A wretched star (Abyss:2)
  A skyshark (Lair:2)
  2 goliath frogs
  A spatial maelstrom (Abyss:2)
  A sixfirhy (Abyss:2)
  3 skeletal warriors (D:14)
  7 bog bodies
  A steelbarb worm (Spider:2)
  11 swamp dragons
  2 spriggan druids
  3 orc knights
  A wizard (D:14)
  A deep elf pyromancer (D:13)
  4 orc sorcerers
  8 manticores
  5 cyclopes
  2 will-o-the-wisps
  A faun (shapeshifter) (D:15)
  13 ugly things
  A worldbinder (Abyss:2)
  14 elephants
  3 ice statues
  A torpor snail (Spider:2)
  5 black mambas
  2 smoke demons (Abyss:2)
  2 gargoyles (D:13)
  10 cane toads
  An orange demon (Abyss:2)
  A hellion (Gauntlet)
  Maggie (D:7)
  A freezing wraith (D:14)
  14 rime drakes
  11 komodo dragons
  2 ice devils (D:13)
  A meliai (Lair:2)
  2 tarantellas (Spider:2)
  6 tyrant leeches
  10 trolls
  10 hornets
  3 polar bears
  14 blink frogs
  A harpy skeleton (Abyss:2)
  A raiju (Abyss:2)
  5 dream sheep (Lair:5)
  6 slime creatures (D:15)
  A culicivora (Spider:2)
  4 shadows
  16 wyverns
  A ynoxinul (Abyss:2)
  11 spriggans
  49 yaks
  3 wraiths
  6 hogs (D:12)
  A human (D:12)
  A vampire (D:14)
  3 steam dragons
  2 fire elementals (D:12)
  9 redbacks (Spider:2)
  A chaos spawn (Abyss:2)
  12 vampire mosquitoes
  8 basilisks (Lair:5)
  A harpy simulacrum (D:14)
  2 large abominations (Abyss:2)
  21 swamp worms
  3 wargs
  4 hell hounds
  3 acid dragons
  13 water moccasins
  3 swamp drakes (Swamp:4)
  37 ogres
  5 black bears
  36 orc warriors
  12 wolves
  9 boggarts
  3 starcursed masses (Abyss:2)
  23 centaurs
  3 kobold brigands
  A phantom (D:7)
  7 bullfrogs
  3 scorpions
  7 wights
  45 killer bees
  2 lindwurm simulacra (IceCv)
  An electric eel (Lair:5)
  8 howler monkeys
  5 komodo dragon simulacra (IceCv)
  A jelly (D:6)
  22 orc priests
  5 hounds
  2 iguanas
  33 orc wizards
  2 small abominations (Abyss:2)
  4 hell rats (Lair:5)
  Robin (D:3)
  12 gnolls
  8 acid dragon simulacra (IceCv)
  7 adders
  A shadow imp (D:6)
  A white imp (D:5)
  3 ufetubi (D:5)
  6 steam dragon simulacra (IceCv)
  2 worms
  2 dart slugs
  83 orcs
  5 bats
  8 endoplasms
  4 giant cockroaches
  26 goblins
  11 hobgoblins
  6 jackals
  5 quokkas
  8 ball pythons
  22 kobolds
  5 rats
1028 creatures vanquished.

Vanquished Creatures (others)
  A bloated husk (Swamp:3)
  A giant cockroach (D:4)
  14 foxfires
16 creatures vanquished.

Grand Total: 1044 creatures vanquished

Notes
Turn   | Place    | Note
-------+----------+-------------------------------------------
     0 | D:1      | Nicoed the Minotaur Fighter began the quest for the Orb.
     0 | D:1      | Reached XP level 1. HP: 19/19 MP: 0/0
   271 | D:1      | Reached XP level 2. HP: 20/27 MP: 1/1
   641 | D:2      | Found Gykon's Book Emporium.
   642 | D:2      | Identified the +1 scale mail "Noavidei" {*Corrode rF+++ rC+
                  | Stlth+}
   689 | D:2      | Reached skill level 3 in Axes
   856 | D:2      | Reached XP level 3. HP: 33/33 MP: 2/2
  1299 | D:3      | Reached skill level 4 in Axes
  1331 | D:3      | Noticed Robin
  1346 | D:3      | Killed Robin
  1347 | D:3      | Reached XP level 4. HP: 15/40 MP: 3/3
  1501 | D:3      | Found an ornate altar of the Wu Jian Council.
  2090 | D:3      | Identified the +1 short sword of Dim Light {flame, rPois
                  | rN+}
  2135 | D:3      | Reached skill level 5 in Axes
  2182 | D:4      | Noticed a phantom
  2386 | D:4      | Reached XP level 5. HP: 38/46 MP: 4/4
  2498 | D:4      | Gained mutation: Your muscles are strong. (Str +4, Int/Dex
                  | -1) [potion of mutation]
  2498 | D:4      | Gained mutation: You have sharp toenails. [potion of
                  | mutation]
  2498 | D:4      | Gained mutation: Your flesh is cold resistant. (rC+)
                  | [potion of mutation]
  2501 | D:4      | HP: 1/46 [orc priest/divine providence (8)]
  2504 | D:4      | Reached skill level 6 in Axes
  2519 | D:4      | Reached skill level 7 in Axes
  2519 | D:4      | Reached XP level 6. HP: 8/52 MP: 5/5
  2933 | D:5      | Entered Level 5 of the Dungeon
  3119 | D:5      | Reached skill level 8 in Axes
  3246 | D:5      | Reached XP level 7. HP: 54/59 MP: 6/6
  3537 | D:5      | Reached skill level 9 in Axes
  4022 | D:6      | Found a staircase to the Ecumenical Temple.
  4063 | Temple   | Entered the Ecumenical Temple
  4063 | Temple   | Found a transporter.
  4063 | Temple   | Found a transporter.
  4065 | Temple   | Found a transporter.
  4065 | Temple   | Found a transporter.
  4095 | Temple   | Became a worshipper of Warmaster Okawaru
  4120 | D:6      | Reached skill level 10 in Axes
  4129 | D:6      | Reached skill level 1 in Invocations
  4392 | D:6      | Reached XP level 8. HP: 62/66 MP: 8/8
  4585 | D:6      | Found a basalt altar of Yredelemnul.
  4585 | D:6      | Found a sparkling altar of Nemelex Xobeh.
  4676 | D:7      | Reached skill level 11 in Axes
  4988 | D:7      | Noticed Maggie
  4995 | D:7      | Reached * piety under Okawaru
  5008 | D:7      | Killed Maggie
  5164 | D:7      | Reached skill level 12 in Axes
  5693 | D:8      | Reached XP level 9. HP: 51/71 MP: 8/11
  5724 | D:8      | Reached skill level 13 in Axes
  5892 | D:8      | Reached skill level 5 in Invocations
  6124 | D:8      | Noticed a troll
  6132 | D:8      | Reached skill level 14 in Axes
  6138 | D:8      | Noticed a troll
  6148 | D:8      | Noticed a two-headed ogre
  6176 | D:8      | Killed a two-headed ogre
  6195 | D:8      | HP: 3/71 [killer bee (2)]
  6212 | D:8      | Reached XP level 10. HP: 29/78 MP: 11/13
  6272 | D:8      | Reached ** piety under Okawaru
  6456 | D:8      | Identified the +10 hand axe of Deecimej {flame, Stlth+}
  6482 | D:8      | Reached skill level 15 in Axes
  6783 | D:8      | Found a staircase to the Lair.
  6913 | D:8      | Noticed a two-headed ogre
  7769 | D:8      | Killed a two-headed ogre
  7770 | D:8      | Reached skill level 5 in Fighting
  7770 | D:8      | Reached skill level 5 in Armour
  8151 | D:9      | Reached skill level 16 in Axes
  8420 | D:9      | Reached *** piety under Okawaru
  8427 | D:9      | Reached XP level 11. HP: 77/89 MP: 13/16
  8778 | D:9      | Found a transporter.
  8801 | D:9      | Found a transporter.
  8819 | D:9      | Found a transporter.
  8863 | D:9      | Reached **** piety under Okawaru
  9216 | D:9      | Found a transporter.
  9318 | D:10     | Entered Level 10 of the Dungeon
  9354 | D:10     | Found Biosox Wysha's Distillery.
  9364 | D:10     | Bought a potion of heal wounds for 75 gold pieces
  9364 | D:10     | Bought a potion of curing for 45 gold pieces
  9364 | D:10     | Bought a potion of curing for 45 gold pieces
  9364 | D:10     | Bought a potion of curing for 45 gold pieces
  9365 | D:10     | Identified the +1 hand axe of the Ancients {drain, rC+}
  9390 | D:10     | Found a flagged portal.
  9399 | Bailey   | Entered a bailey
  9404 | Bailey   | Noticed an orc warlord
  9518 | Bailey   | Found a runed translucent gate.
  9521 | Bailey   | Found a runed translucent gate.
  9523 | Bailey   | Found a runed translucent gate.
  9764 | Bailey   | HP: 4/91 [poisoned by you (poison gas)]
  9785 | Bailey   | Killed an orc warlord
  9786 | Bailey   | Reached skill level 17 in Axes
 10050 | Bailey   | Identified the ring of Moodiness {rF+ Str-5 Slay+5 SInv
                  | Stlth+}
 10157 | D:10     | Paralysed by a hornet for 3 turns
 10287 | D:10     | Found a staircase to the Orcish Mines.
 11029 | Orc:1    | Entered Level 1 of the Orcish Mines
 11029 | Orc:1    | Noticed an orc sorcerer
 11045 | D:10     | Reached ***** piety under Okawaru
 11051 | D:10     | Killed an orc sorcerer
 11058 | Orc:1    | Noticed Erolcha
 11097 | Orc:1    | Killed Erolcha
 11156 | Orc:1    | Noticed an orc warlord
 11212 | D:10     | Killed an orc warlord
 11212 | D:10     | Received a gift from Okawaru
 11213 | D:10     | Reached skill level 18 in Axes
 11419 | Orc:1    | Noticed an orc knight
 11428 | Orc:1    | Killed an orc knight
 11461 | Orc:1    | Noticed an orc sorcerer
 11470 | Orc:1    | Killed an orc sorcerer
 11471 | Orc:1    | Reached XP level 12. HP: 103/103 MP: 15/17
 11522 | Orc:1    | Noticed Snorg
 11528 | Orc:1    | Noticed an orc high priest
 11531 | Orc:1    | Killed Snorg
 11531 | Orc:1    | Received a gift from Okawaru
 11532 | Arena    | Entered the Arena
 11537 | Arena    | Killed an orc high priest
 11773 | Orc:2    | Entered Level 2 of the Orcish Mines
 12002 | Orc:2    | Found a staircase to the Elven Halls.
 12055 | Orc:2    | Noticed an ettin
 12068 | Orc:2    | Killed an ettin
 12196 | Orc:2    | Noticed a two-headed ogre
 12197 | Orc:2    | Noticed a two-headed ogre
 12197 | Orc:2    | Noticed an ogre mage
 12197 | Orc:2    | Noticed a two-headed ogre
 12197 | Orc:2    | Noticed a two-headed ogre
 12197 | Orc:2    | Noticed an ogre mage
 12197 | Orc:2    | Noticed an ogre mage
 12199 | Orc:2    | Noticed a two-headed ogre
 12199 | Orc:2    | Noticed an ogre mage
 12200 | Orc:2    | Noticed a two-headed ogre
 12210 | Orc:2    | Killed a two-headed ogre
 12211 | Orc:2    | Reached skill level 19 in Axes
 12211 | Orc:2    | Noticed a two-headed ogre
 12217 | Orc:2    | Killed an ogre mage
 12221 | Orc:2    | Killed a two-headed ogre
 12226 | Orc:2    | Killed a two-headed ogre
 12229 | Orc:2    | Killed a two-headed ogre
 12230 | Orc:2    | Reached skill level 10 in Fighting
 12230 | Orc:2    | Reached skill level 10 in Armour
 12238 | Orc:2    | Killed an ogre mage
 12240 | Orc:2    | Found Lugiqeg's Magic Scroll Shop.
 12240 | Orc:2    | Found Feebloov's Armour Shoppe.
 12244 | Orc:2    | Killed a two-headed ogre
 12246 | Orc:2    | Found Itzis's Armour Emporium.
 12246 | Orc:2    | Found Iguman's Magic Scroll Shop.
 12247 | Orc:2    | Noticed a two-headed ogre
 12247 | Orc:2    | Noticed a two-headed ogre
 12250 | Orc:2    | Killed a two-headed ogre
 12253 | Orc:2    | Killed a two-headed ogre
 12253 | Orc:2    | Killed an ogre mage
 12255 | Orc:2    | Noticed a two-headed ogre
 12262 | Orc:2    | Noticed a two-headed ogre
 12263 | Orc:2    | Noticed a two-headed ogre
 12266 | Orc:2    | Reached XP level 13. HP: 53/114 MP: 14/18
 12268 | Orc:2    | Reached skill level 20 in Axes
 12287 | Orc:2    | Bought the +1 buckler "Valirun" {Harm rF+++ Regen+ Dex-3}
                  | for 497 gold pieces
 12497 | Orc:2    | Found a transporter.
 12499 | Orc:2    | Noticed fedoskokos's ghost (novice DgHu)
 12501 | Orc:2    | Identified the +7 dire flail of the Singing Gods {distort,
                  | *Slow +Blink rC+++}
 12501 | Orc:2    | Identified the +1 dire flail "Otociq" {freeze, rC+}
 12531 | Orc:2    | Noticed Rupert
 12544 | Orc:2    | Found Umin's Distillery.
 12554 | Orc:2    | Noticed Saint Roka
 12557 | Arena    | Entered the Arena
 12567 | Arena    | Killed Saint Roka
 12787 | Orc:2    | Received a gift from Okawaru
 12830 | Orc:2    | Found a transporter.
 12840 | Orc:2    | Reached skill level 21 in Axes
 12855 | Orc:2    | Killed fedoskokos's ghost
 12991 | Orc:2    | Bought a potion of heal wounds for 60 gold pieces
 12991 | Orc:2    | Bought a potion of curing for 36 gold pieces
 12991 | Orc:2    | Bought a potion of heal wounds for 60 gold pieces
 12991 | Orc:2    | Bought a potion of might for 48 gold pieces
 13070 | D:11     | Identified the +9 quarterstaff "Jellyslayer" {flame, *Rage
                  | rF++}
 13144 | D:11     | Found an ancient bone altar of Kikubaaqudgha.
 13393 | D:11     | Reached ****** piety under Okawaru
 13476 | D:11     | Identified the +1 robe of the Lily {Harm rC+ rN+ Stlth-}
                  | (Okawaru gifted it to you on level 11 of the Dungeon)
 13476 | D:11     | Received a gift from Okawaru
 13769 | D:8      | Identified the amulet "Keurat" {Faith rF- Regen+ rCorr}
 13998 | Orc:2    | Killed Rupert
 13999 | Orc:2    | Reached XP level 14. HP: 127/127 MP: 16/19
 14157 | D:12     | Noticed Azrael
 14173 | D:12     | Killed Azrael
 14321 | D:12     | Identified the +0 chain mail of Distant Worlds {Rampage rF+
                  | Dex-2 SInv}
 14525 | D:12     | Noticed Kirke
 14533 | D:12     | Noticed a sphinx
 14541 | D:12     | Paralysed by a sphinx for 2 turns
 14653 | D:12     | Killed Kirke
 14654 | D:12     | Reached skill level 22 in Axes
 14860 | D:13     | Identified the +0 hat "Tappe" {SInv} (Okawaru gifted it to
                  | you on level 13 of the Dungeon)
 14860 | D:13     | Received a gift from Okawaru
 14900 | D:13     | Found a frozen archway.
 14918 | IceCv    | Entered an ice cave
 15173 | IceCv    | Got the Handbook of Hail
 15643 | D:13     | Noticed Nessos
 15772 | D:13     | Killed Nessos
 16534 | D:14     | Found an ornate altar of the Wu Jian Council.
 16551 | D:14     | Reached skill level 23 in Axes
 16552 | D:14     | Identified the +2 kite shield "Fuemnor" {rCorr Str-5 Int+7}
                  | (Okawaru gifted it to you on level 14 of the Dungeon)
 16552 | D:14     | Received a gift from Okawaru
 16745 | D:14     | Reached XP level 15. HP: 138/138 MP: 20/20
 16835 | Abyss:2  | Cast into level 2 of the Abyss (a wizard)
 16844 | Abyss:2  | Reached XP level 16. HP: 146/146 MP: 21/21
 17148 | Abyss:2  | Noticed a bone dragon
 17159 | D:14     | Escaped the Abyss
 17545 | D:14     | Found a gate to the Vaults.
 17552 | D:14     | Identified the +3 battleaxe of Sutashragg {vamp, rCorr
                  | Dex-4 SInv Stlth-} (Okawaru gifted it to you on level 14 of
                  | the Dungeon)
 17552 | D:14     | Received a gift from Okawaru
 17741 | D:15     | Entered Level 15 of the Dungeon
 18671 | D:15     | Reached skill level 24 in Axes
 18687 | D:15     | Found a staircase to the Depths.
 19105 | Lair:1   | Entered Level 1 of the Lair of Beasts
 19128 | Lair:1   | Found a runed translucent gate.
 19129 | Lair:1   | Found a runed translucent gate.
 19129 | Lair:1   | Found a runed translucent gate.
 19129 | Lair:1   | Noticed Erica
 19142 | Lair:1   | Killed Erica
 19218 | Lair:1   | Received a gift from Okawaru
 19320 | Lair:1   | Noticed Nergalle
 19332 | Lair:1   | Killed Nergalle
 19396 | Lair:1   | Reached skill level 15 in Armour
 19469 | Lair:1   | Reached skill level 15 in Fighting
 19581 | Lair:1   | Noticed Tinylith's ghost (journeyman MiFi)
 19581 | Lair:1   | Noticed TrilBe's ghost (journeyman TrBe)
 19650 | Lair:1   | Killed Tinylith's ghost
 19656 | Lair:1   | Killed TrilBe's ghost
 19739 | Lair:2   | Found a gate leading to a gauntlet.
 19748 | Gauntlet | Entered a Gauntlet
 19748 | Gauntlet | Found a transporter.
 19748 | Gauntlet | Found a transporter.
 19748 | Gauntlet | Found a transporter.
 19749 | Gauntlet | Found a transporter.
 19752 | Gauntlet | Found a transporter.
 19764 | Gauntlet | Found the +10 dark maul {heavy}
 19766 | Gauntlet | Found a transporter.
 19767 | Gauntlet | Found a transporter.
 19776 | Gauntlet | Found a transporter.
 19867 | Gauntlet | Found a transporter.
 19877 | Gauntlet | Found a transporter.
 19881 | Gauntlet | Found a transporter.
 19893 | Gauntlet | Found a transporter.
 20005 | Gauntlet | Identified the ring "Yxie" {rElec rF- MP+9 SInv Stlth+}
 20059 | Gauntlet | Identified the amulet "Ygugg" {Faith rPois}
 20094 | Gauntlet | Identified the ring "Baipyuci" {rN+ Will+ Int+3 Stlth+}
 20145 | Lair:2   | Identified the +0 buckler of the Volcano {-Tele rC+++ Int-5
                  | Stlth+} (Okawaru gifted it to you on level 2 of the Lair of
                  | Beasts)
 20145 | Lair:2   | Received a gift from Okawaru
 20203 | Lair:2   | Found a runed translucent door.
 20208 | Lair:2   | Noticed klichko's ghost (journeyman TeGl)
 20220 | Lair:2   | Killed klichko's ghost
 20324 | Lair:2   | Found a hole to the Spider Nest.
 20327 | Lair:2   | Reached skill level 10 in Shields
 20967 | Lair:3   | Noticed Urug
 20973 | Lair:3   | Killed Urug
 21049 | Lair:3   | Identified the +9 quarterstaff of the Trees {flame, Str+5
                  | SInv}
 21200 | Lair:3   | Noticed Fannar
 21205 | Lair:3   | Killed Fannar
 21363 | Lair:3   | Found a staircase to the Swamp.
 21669 | Lair:4   | Reached XP level 17. HP: 123/156 MP: 22/22
 21988 | Lair:4   | Found a viscous altar of Jiyva.
 21988 | Lair:4   | Found a staircase to the Slime Pits.
 22025 | Lair:4   | Reached skill level 25 in Axes
 22480 | Lair:5   | Entered Level 5 of the Lair of Beasts
 22607 | Lair:5   | Identified the +0 pair of gloves of the Piercing Gods
                  | {rPois Will++ rCorr Str-5}
 22728 | Lair:5   | Received a gift from Okawaru
 22904 | Lair:5   | Identified the +1 plate armour of the Meadowlark {Dex+6}
 23129 | Lair:5   | Identified a scroll of acquirement
 23159 | Lair:5   | Acquired the +9 plate armour "Picoov" {Rampage}
 23207 | Lair:5   | Identified the +0 pair of gloves of Okawaru's Reproof {rF+
                  | Regen+} (Okawaru gifted it to you on level 5 of the Lair of
                  | Beasts)
 23207 | Lair:5   | Received a gift from Okawaru
 23288 | Lair:5   | Found a large runed translucent door.
 23289 | Lair:5   | Found a large runed translucent door.
 23290 | Lair:5   | Noticed klichko's ghost (journeyman SpHu)
 23738 | Lair:5   | Killed klichko's ghost
 23880 | Swamp:1  | Entered Level 1 of the Swamp
 24621 | Swamp:2  | Noticed a tentacled monstrosity
 24639 | Swamp:2  | Killed a tentacled monstrosity
 24669 | Swamp:2  | Received a gift from Okawaru
 24848 | Swamp:2  | Reached XP level 18. HP: 172/172 MP: 23/23
 25409 | Swamp:3  | Received a gift from Okawaru
 25820 | Swamp:4  | Entered Level 4 of the Swamp
 25820 | Swamp:4  | Noticed Bai Suzhen
 25867 | Swamp:4  | Noticed a tentacled monstrosity
 25882 | Swamp:3  | Killed a tentacled monstrosity
 25893 | Swamp:3  | Killed Bai Suzhen
 26219 | Swamp:4  | Received a gift from Okawaru
 26481 | Swamp:4  | Got a decaying rune of Zot
 26732 | Spider:1 | Entered Level 1 of the Spider Nest
 26732 | Spider:1 | You fall into a shaft and drop 1 floor!
 26779 | Spider:2 | Mangled by a culicivora

Illustrated notes

Levels and vault maps discovered:
D:1:      matt_arrival_spirals, layout_basic, st_stairs_4,
          wad_floor_pattern_untrapped, minmay_misc_feat_rows
D:2:      layout_loops_ring, serial_shops, nicolae_shop_trees
D:3:      minmay_wonky_spiral, layout_loops_ring, old_standard_altar, uniq_robin
D:4:      layout_rooms
D:5:      layout_loops_ring, minmay_misc_feat_more_columns
D:6:      layout_loops_cross, gammafunk_temple_overflow_statue,
          minmay_temple_entry_trees, nicolae_concentric_dashed_squares_wild
D:7:      layout_loops_ring, uniq_maggie
D:8:      wad_woods_minihive, layout_loops_ring, minmay_lair_entry_grove,
          serial_co_window_serial, co_window_of_opportunity_a,
          co_window_of_opportunity_a, co_window_paths_a, co_window_corner_a,
          co_window_of_opportunity_a, co_window_corner_a, co_window_corner_a,
          co_window_corner_ca, co_window_2corner, co_window_unsneaky_path_d,
          co_window_broadway_b, glass_columns_b, glass_columns_a,
          glass_columns_c
D:9:      layout_basic, serial_glass, glass_columns_b, glass_columns_a,
          minmay_strange_pillars, hangedman_glass_teeth,
          nicolae_transporter_intersection
D:10:     layout_stronghold, erik_orc_3, serial_shops,
          nicolae_shop_industrial_runoff, enter_bailey_2
D:11:     layout_loops_ring, kiku_gazebo_pond_becter
D:12:     layout_loops_ring, minivault_25_ag, uniq_azrael, uniq_kirke
D:13:     layout_basic, portal_ice_cave_demonic_guard,
          minmay_increasing_density, uniq_nessos
D:14:     lemuel_ice_statue, layout_loops_cross, erik_vaults_1,
          minmay_misc_feat_rugged, nicolae_wu_jian_wuxing_cycle
D:15:     grunt_enter_depths_snipers, layout_gridville, nicolae_integral_box
Temple:   hellmonk_temple_divided_pantheon
Lair:1:   layout_roguey, gammafunk_ghost_cemetery, infiniplex_staircase_pool_2,
          lemuel_fruit_tree, uniq_nergalle, uniq_erica
Lair:2:   layout_regular_city, hellmonk_spider_entry_not_the_bees,
          ebering_ghost_inner_flame, gauntlet_entry_generic
Lair:3:   layout_small_grid, palyth_hydra_swamp_entry, grunt_megastairs_3,
          uniq_fannar, uniq_urug
Lair:4:   layout_loops_ring, slime_entry_1
Lair:5:   evilmike_catoblepas_cave, layout_misc_corridors, special_room
          [special_room_mythical_zoo], ebering_ghost_disaster_area,
          kilobyte_rumbling_trees, infiniplex_staircase_pool
Swamp:1:  layout_basic_swamp, nicolae_swamp_little_swirl, swamp_pool3
Swamp:2:  layout_basic_swamp, evilmike_swamp_ruin_house_3, swamp_pool3
Swamp:3:  layout_basic_swamp, hangedman_swamp_ruin_hall
Swamp:4:  swamp_alternative, layout_basic_swamp, swamp_pool5, uniq_bai_suzhen
Spider:1: layout_spider_delve, nicolae_spider_moth_buddies, uniq_aizul
Spider:2: layout_spider_delve
Orc:1:    orc_temple, layout_caves, uniq_erolcha, uniq_snorg
Orc:2:    st_orc_ogre_mass, layout_diamond_mine, gammafunk_ghost_smash,
          basic_altar, serial_shops, nicolae_shop_tiny_waterfront,
          uniq_saint_roka, uniq_rupert

Skill      XL: |  1  2  3  4  5  6  7  8  9 10 11 12 13 14 15 16 17 18 |
---------------+-------------------------------------------------------+-----
Fighting       | 4 5 8 10 12 14 15 18 19 | 19.8
Armour         | 4 5 8 10 12 14 15 18 19 | 19.8
Shields        | 4 7 10 | 10.0
Axes           | 3 4 5 7 8 10 12 14 16 18 19 21 23 24 25 | 25.0
Invocations    | 1 4 6 8 |  8.0

Action                     |  1- 3 |  4- 6 |  7- 9 | 10-12 | 13-15 | 16-18 || total
---------------------------+-------+-------+-------+-------+-------+-------++-------
  Melee: War axe           |    74 |   140 |   214 |    27 |       |       ||   455
         Headbutt          |     7 |    16 |    33 |    80 |    93 |   322 ||   551
         Kick              |       |    10 |    15 |       |       |       ||    25
         Hand axe          |       |       |       |   398 |   437 |  1148 ||  1983
         Unarmed           |       |       |       |       |     2 |       ||     2
  Throw: Dart              |       |       |       |     6 |     3 |       ||     9
 Invoke: Heroism           |       |       |     8 |    12 |     4 |     8 ||    32
         Finesse           |       |       |       |     2 |       |     2 ||     4
         Duel              |       |       |       |     1 |     1 |       ||     2
  Evoke: Wand              |       |       |     5 |     8 |     1 |       ||    14
    Use: Potion            |       |     8 |     7 |     4 |     4 |     4 ||    27
         Scroll            |       |       |       |    19 |    11 |     5 ||    35
   Stab: Paralysed         |       |       |     3 |       |       |       ||     3
 Armour: Scale mail        |    49 |   113 |    79 |    24 |       |       ||   265
         Plate armour      |       |       |       |   135 |   239 |   777 ||  1151
         Chain mail        |       |       |       |       |     9 |       ||     9
  Dodge: Dodged            |    45 |    85 |    98 |    93 |   124 |   311 ||   756
  Block: Buckler           |    16 |    38 |    52 |    57 |   106 |   274 ||   543
